 Dungeon Crawl Stone Soup version 0.14.0-15-g6b16f67 (webtiles) character file.

21656 RogerD the Protected (level 12, -2/108 HPs)
             Began as a Minotaur Fighter on Apr 17, 2014.
             Was a High Priest of Trog.
             Slain by a sheep (6 damage)
             ... while paralysed by Rupert
             ... on Level 5 of the Lair of Beasts.
             The game lasted 03:26:23 (14323 turns).

RogerD the Protected (Minotaur Fighter)            Turns: 14323, Time: 03:26:27

HP  -2/108       AC 18     Str 23      XL: 12   Next: 49%
MP   5/5         EV  2     Int  5      God: Trog [*****.]
Gold 717         SH  0     Dex 18      Spells:  0 memorised, 11 levels left

rFire  + . .     SeeInvis .     R - +2,+3 hand axe (freeze)
rCold  x . .     Clarity  .     A - +2 plate armour
rNeg   . . .     Conserve .     (no shield)
rPois  .         rCorr    .     (helmet restricted)
rElec  .         rRot     .     (no cloak)
SustAb . .       Spirit   .     (no gloves)
rMut   .         Warding  .     (no boots)
Saprov . . .     Stasis   .     a - amulet of faith
MR     .....                    H - ring of fire
                                h - +5 ring of dexterity

@: paralysed, confused, not resistant to hostile enchantments, extremely
unstealthy
A: retaliatory headbutt, horns 2
a: Burn Spellbooks, Berserk, Trog's Hand, Brothers in Arms, Renounce Religion


You were on level 5 of the Lair of Beasts.
You worshipped Trog.
Trog was extremely pleased with you.
You were not hungry.

You visited 3 branches of the dungeon, and saw 14 of its levels.
You also visited: Sewer, Ossuary and Volcano.

You collected 717 gold pieces.

Inventory:

Hand weapons
 i - a +2,+5 anti-magic flail
 q - a +1,+2 hand axe of chopping
 u - a +0,+2 war axe of flaming
 J - a +0,+2 anti-magic executioner's axe
 R - a +2,+3 hand axe of freezing (weapon)
Missiles
 L - 6 tomahawks (quivered)
 Y - 14 darts of flame
Armour
 c - a +0 shield
 A - a +2 plate armour (worn)
 V - a +0 ring mail of fire resistance
Magical devices
 e - a wand of teleportation (4) {unknown}
 o - a wand of confusion (21)
 w - a wand of fire (6)
 F - a wand of confusion (10)
 N - a wand of frost (6)
 X - a wand of digging (16) {unknown}
Comestibles
 t - 3 bread rations
 v - an orange
 D - 2 chunks of sheep flesh
 E - an apple
 O - 2 meat rations
 Q - a pear
Scrolls
 b - 3 scrolls of remove curse
 k - a scroll of fog
 n - 2 scrolls of magic mapping
 x - 2 scrolls of teleportation
 y - a scroll of immolation {unknown}
 B - 2 scrolls of identify
 G - a scroll of summoning
 K - a scroll of enchant weapon I {unknown}
Jewellery
 a - an amulet of faith (around neck)
 d - an uncursed ring of ice
 h - a +5 ring of dexterity (left hand)
 s - an uncursed ring of see invisible {unknown}
 C - a +0,+9 ring of slaying
 H - a ring of fire (right hand)
 I - an uncursed amulet of guardian spirit
 S - a +4 ring of protection {unknown}
 W - an uncursed ring of sustenance {unknown}
 Z - a +3 ring of evasion
Potions
 f - 2 potions of flight
 g - 2 potions of magic
 j - a potion of might
 l - 5 potions of curing
 m - 3 potions of invisibility
 p - a potion of restore abilities
 r - 3 potions of heal wounds
 z - a potion of lignification
 M - 2 potions of degeneration
 P - a potion of porridge
 T - 2 potions of brilliance
 U - a potion of mutation {unknown}


   Skills:
 + Level 10.6 Fighting
 + Level 11.1 Axes
 + Level 11.1 Maces & Flails
 * Level 13.3 Armour
 + Level 6.9 Dodging
 - Level 0.8 Stealth
   Level 11.2 Shields


You had 11 spell levels left.
You didn't know any spells.

Dungeon Overview and Level Annotations

Branches:
Dungeon (8/15)             Temple (1/1) D:4            Lair (5/8) D:8
  Swamp: Lair:3-6    Shoals: Lair:3-6     Snake: Lair:3-6    Spider: Lair:3-6

Altars:
Ashenzari
Cheibriados
Dithmenos
Elyvilon
Fedhas
Kikubaaqudgha
Makhleb
Nemelex Xobeh
Okawaru
Sif Muna
Trog
Vehumet
Xom
Yredelemnul
Zin
The Shining One

Annotations:
Lair:4 1 exclusion
Lair:5 Rupert


Innate Abilities, Weirdness & Mutations

You reflexively headbutt those who attack you in melee.
You have a pair of horns on your head.


Message History

Rupert screams, "Hurray!"
Rupert barely misses you. The sheep barely misses you.
The sheep bites you but does no damage. x2
Rupert yells loudly at you.
You are confused.
The sheep completely misses you. The sheep bites you but does no damage.
The sheep bites you but does no damage.
Rupert roars madly and goes into a rage!
Rupert goes berserk!
The sheep completely misses you.
Rupert hits you with a glowing executioner's axe!
Rupert freezes you! The sheep bites you but does no damage.
The sheep bites you but does no damage. The sheep bites you but does no damage.
Rupert hits you with an executioner's axe of freezing!
* * * LOW HITPOINT WARNING * * *
Rupert freezes you.
* * * LOW HITPOINT WARNING * * *
The sheep bites you.
You die...

#............## .
#.............###
...##.............#.
....#P..............#
#...f..........#...#
##<.............#...###
.....P#...............#
...............YY....#
...............Y@....# ####
#..#...........%@....###
####.f# #...................#
#...... .........#..........ff#
#[..f..
.....................###
##.....
...........(...#....%.####.....
..#..............%.##...P.....
.............................
..........P...#.!.....#...


You could see Rupert (berserk) and 3 sheep.

Vanquished Creatures
  Fannar (Lair:3)
  The ghost of taco the Shield-Bearer, an experienced MiFi of Yredelemnul (D:8)
  13 elephants
  7 spiny frogs
  2 komodo dragons
  A brown ooze (D:6)
  5 blink frogs (Lair:3)
  2 ravens (Lair:3)
  2 basilisks
  13 yaks
  4 fire bats
  3 hippogriffs
  A hungry ghost (D:8)
  8 porcupines
  6 water moccasins
  4 phantoms
  4 sky beasts
  4 orc warriors
  An ogre (D:8)
  Duvessa (D:7)
  11 lava worms (Volcano)
  7 giant slugs
  A big kobold (Sewer)
  Blork the orc (D:7)
  8 giant frogs
  6 crocodiles
  2 water moccasin zombies
  3 scorpions
  10 jellies
  Dowan (D:7)
  2 crimson imps
  A goliath beetle (D:8)
  4 lava snakes (Volcano)
  7 hounds
  5 orc priests
  A big fish (Sewer)
  An iron imp (D:7)
  6 iguanas
  9 worker ants
  4 orc wizards
  11 sheep
  A sky beast zombie (D:8)
  10 mummies (Ossuary)
  A worker ant zombie (D:7)
  19 green rats
  14 adders
  6 gnolls
  5 giant mites
  A gnoll skeleton (D:4)
  4 worms
  An inept feature mimic (D:2)
  An adder skeleton (D:5)
  2 giant eyeballs
  14 oozes
  18 orcs
  A bat skeleton (D:6)
  7 giant cockroaches
  4 gnoll zombies (Ossuary)
  16 goblins
  13 hobgoblins
  21 jackals
  20 kobolds
  A ball python (D:8)
  22 bats
  7 giant geckos
  2 giant newts
  A hobgoblin zombie (Ossuary)
  A kobold skeleton (D:4)
  A kobold zombie (Ossuary)
  2 orc zombies (Ossuary)
  8 quokkas
  21 rats
  A fungus (Lair:1)
430 creatures vanquished.

Vanquished Creatures (collateral kills)
  An orc knight (Volcano)
  3 yaks (Lair:5)
  An orc warrior (Volcano)
  2 lava worms (Volcano)
  A lava snake (Volcano)
  An iguana (Lair:5)
  An adder (Lair:5)
  A jackal (Lair:2)
11 creatures vanquished.

Vanquished Creatures (others)
  5 fungi (D:6)
5 creatures vanquished.

Grand Total: 446 creatures vanquished

Notes
Turn   | Place    | Note
--------------------------------------------------------------
     0 | D:1      | RogerD, the Minotaur Fighter, began the quest for the Orb.
     0 | D:1      | Reached XP level 1. HP: 19/19 MP: 1/1
   253 | D:1      | Reached skill level 4 in Armour
   256 | D:1      | Reached XP level 2. HP: 25/27 MP: 1/1
   546 | D:1      | Reached XP level 3. HP: 17/33 MP: 2/2
  1067 | D:2      | Found a blossoming altar of Fedhas.
  1125 | D:2      | Reached XP level 4. HP: 38/40 MP: 2/2
  1153 | D:2      | Found a glowing silver altar of Zin.
  1848 | D:3      | Noticed a sky beast
  2132 | D:3      | Killed a sky beast
  2132 | D:3      | Reached skill level 5 in Armour
  2132 | D:3      | Reached skill level 1 in Dodging
  2132 | D:3      | Reached XP level 5. HP: 46/46 MP: 1/2
  2167 | D:3      | Reached skill level 5 in Shields
  2874 | D:4      | Reached XP level 6. HP: 49/52 MP: 3/3
  2914 | D:4      | Paralysed by a giant eyeball for 2 turns
  2920 | D:4      | Paralysed by a giant eyeball for 3 turns
  2927 | D:3      | Paralysed by a giant eyeball for 3 turns
  3012 | D:4      | Found a staircase to the Ecumenical Temple.
  3090 | Temple   | Entered the Ecumenical Temple
  3143 | Temple   | Became a worshipper of Trog the Wrathful
  3488 | D:4      | Reached skill level 5 in Axes
  3488 | D:4      | Reached XP level 7. HP: 60/60 MP: 3/3
  3853 | D:5      | Entered Level 5 of the Dungeon
  3874 | D:5      | Found a glowing drain.
  3892 | Sewer    | Entered a sewer
  3896 | Sewer    | Reached skill level 6 in Armour
  3986 | Sewer    | Acquired Trog's first power
  4081 | Sewer    | Found a white marble altar of Elyvilon.
  4348 | D:5      | Reached skill level 5 in Fighting
  4438 | D:5      | Found an iron altar of Okawaru.
  4671 | D:5      | Reached XP level 8. HP: 59/68 MP: 2/3
  5303 | D:6      | Reached skill level 7 in Shields
  5464 | D:6      | Acquired Trog's second power
  6019 | D:6      | Reached skill level 1 in Maces & Flails
  6131 | D:7      | Noticed Blork the orc
  6138 | D:7      | Killed Blork the orc
  6169 | D:7      | Found a shadowy altar of Dithmenos.
  6245 | D:7      | Noticed Dowan
  6246 | D:7      | Noticed Duvessa
  6265 | D:7      | Killed Duvessa
  6289 | D:7      | Killed Dowan
  6289 | D:7      | Reached skill level 8 in Armour
  6289 | D:7      | Reached XP level 9. HP: 47/78 MP: 4/4
  6546 | D:7      | Paralysed by a giant eyeball for 3 turns
  6705 | D:7      | Found a burning altar of Makhleb.
  6808 | D:8      | Found a sand-covered staircase.
  6832 | Ossuary  | Entered an ossuary
  7226 | D:8      | Noticed taco's ghost (experienced MiFi)
  7263 | D:8      | Killed taco's ghost
  7335 | D:8      | Reached skill level 9 in Armour
  7345 | D:8      | Reached skill level 5 in Maces & Flails
  7661 | D:8      | Acquired Trog's third power
  7684 | D:8      | Reached XP level 10. HP: 88/88 MP: 4/4
  7686 | D:8      | Found a staircase to the Lair.
  7695 | D:8      | Noticed an elephant
  7695 | D:8      | Noticed an elephant
  7695 | D:8      | Noticed an elephant
  7696 | D:8      | Noticed an elephant
  7696 | D:8      | Noticed an elephant
  7696 | D:8      | Noticed an elephant
  7696 | D:8      | Noticed an elephant
  7697 | D:8      | Noticed an elephant
  7728 | D:8      | Killed an elephant
  7740 | D:8      | Killed an elephant
  7990 | D:8      | Killed an elephant
  8078 | D:8      | Killed an elephant
  8078 | D:8      | Reached skill level 10 in Armour
  8217 | D:8      | Killed an elephant
  8278 | D:8      | Killed an elephant
  8339 | D:8      | Killed an elephant
  8580 | D:8      | Killed an elephant
  8657 | Lair:1   | Entered Level 1 of the Lair of Beasts
  8764 | Lair:1   | Reached skill level 11 in Armour
  9016 | Lair:1   | Reached skill level 10 in Shields
  9016 | Lair:1   | Reached XP level 11. HP: 83/97 MP: 4/4
  9490 | Lair:1   | Reached skill level 10 in Axes
 10221 | Lair:2   | Reached skill level 5 in Dodging
 10450 | Lair:2   | Received a gift from Trog
 10683 | Lair:2   | Reached skill level 12 in Armour
 10921 | Lair:2   | Upgraded the game from 0.14.0-12-g87ee3b7 to 0.14.0-15-g6b16f67
 11281 | Lair:3   | Reached skill level 10 in Maces & Flails
 11353 | Lair:3   | Noticed Fannar
 11374 | Lair:3   | Killed Fannar
 11374 | Lair:3   | Reached skill level 10 in Fighting
 11502 | Lair:3   | Reached XP level 12. HP: 48/106 MP: 5/5
 11743 | Lair:3   | Found a dark tunnel.
 11754 | Volcano  | Entered a volcano
 12053 | Volcano  | Found a bloodstained altar of Trog.
 12154 | Volcano  | Received a gift from Trog
 12330 | Lair:3   | Reached skill level 13 in Armour
 13556 | Lair:4   | Received a gift from Trog
 14298 | Lair:5   | Noticed Rupert
 14318 | Lair:5   | Paralysed by Rupert for 7 turns
 14323 | Lair:5   | HP: 4/108 [Rupert/executioner's axe of freezing (4)]
 14323 | Lair:5   | Slain by a sheep

Action                   |  1- 3 |  4- 6 |  7- 9 | 10-12 || total
-------------------------+-------+-------+-------+-------++-------
Melee: War axe           |    85 |   156 |   144 |       ||   385
       Mace              |       |       |    56 |       ||    56
       Hand axe          |       |       |   172 |   746 ||   918
Throw: Tomahawk          |       |       |     4 |     4 ||     8
Invok: Burn Spellbooks   |       |       |     1 |     1 ||     2
       Brothers in Arms  |       |       |     1 |     2 ||     3
       Trog's Hand       |       |       |       |     1 ||     1
Evoke: Wand              |       |     2 |     1 |     9 ||    12
  Use: Scroll            |       |     3 |     6 |    16 ||    25
       Potion            |       |     3 |     5 |    11 ||    19
